 Dungeon Crawl Stone Soup version 0.21-a0-142-gdd972a7 (webtiles) character file.

36348 Gorice the Martial Artist (level 13, -6/162 HPs)
             Began as a Demonspawn Necromancer on July 21, 2017.
             Was the Champion of Kikubaaqudgha.
             Mangled by a polar bear (13 damage)
             ... in an ice cave on July 22, 2017.
             The game lasted 01:45:58 (21865 turns).

Gorice the Martial Artist (Demonspawn Necromancer) Turns: 21865, Time: 01:45:59

Health: -6/162     AC: 14    Str: 18    XL:     13   Next: 52%
Magic:  15/22      EV: 19    Int: 16    God:    Kikubaaqudgha [******]
Gold:   933        SH:  0    Dex: 15    Spells: 0/24 levels left

rFire    + + .     SeeInvis .     - Unarmed
rCold    + . .     Gourm    .   (no shield)
rNeg     + . .     Faith    .   k - +2 leather armour {rF+}
rPois    +         Spirit   .   U - +2 hat
rElec    +         Reflect  .   D - +0 cloak
rCorr    +         Harm     .   (gloves unavailable)
MR       .....                  u - +1 pair of boots
Stlth    ..........             s - amulet of rage
HPRegen  0.37/turn              f - +5 ring of evasion
MPRegen  0.18/turn              Q - ring of positive energy

@: berserking (expiring), resistant, very quick
A: claws 3, rugged brown scales 2, demonic guardian 1, augmentation 1
a: Receive Corpses, Torment, Brand Weapon With Pain, Receive Necronomicon,
Renounce Religion, Evoke Berserk Rage


You were in an ice cave.
You worshipped Kikubaaqudgha.
Kikubaaqudgha was exalted by your worship.
You were hungry.

You visited 3 branches of the dungeon, and saw 16 of its levels.
You also visited: Ice Cave and Volcano.

You collected 933 gold pieces.

Inventory:

Hand Weapons
 B - a +4 blowgun
Missiles
 z - 11 tomahawks (quivered)
 T - 13 curare-tipped needles
 Y - a throwing net
Armour
 k - a +2 leather armour of fire resistance (worn)
   (You found it in a volcano)
 u - a +1 pair of boots (worn)
 D - a +0 cloak (worn)
 U - a +2 hat (worn)
Jewellery
 f - a +5 ring of evasion (left claw)
 p - an uncursed ring of fire
 s - an amulet of rage (around neck)
 Q - a ring of positive energy (right claw)
Wands
 a - a wand of iceblast (8/15)
 o - a wand of flame (34/48)
 v - a wand of confusion (20/48)
 y - a wand of iceblast (0/15)
 G - a wand of paralysis (13/24)
 O - a wand of acid (6/15)
 V - a wand of lightning (0/15)
 W - a wand of enslavement (8/24)
Scrolls
 b - 3 scrolls of blinking
 i - 3 scrolls of teleportation {!r}
 j - 3 scrolls of acquirement {unknown}
 q - a scroll of fog
 w - 5 scrolls of remove curse
 H - 2 scrolls of fear {!r}
Potions
 e - 2 potions of heal wounds {!q}
 h - a potion of degeneration {unknown}
 l - 7 potions of curing
 m - a potion of ambrosia {unknown}
 n - a potion of agility {unknown}
 t - 2 potions of might {unknown}
 x - 2 potions of brilliance {!q}
 A - 2 potions of invisibility {!q}
 F - 4 potions of cancellation {!q}
 K - 3 potions of magic {!q}
Comestibles
 c - 9 bread rations {!e}
 d - a meat ration {!e}
 r - a fruit
 C - a royal jelly
 E - 3 chunks of flesh


   Skills:
 - Level 10.0 Fighting
 - Level 10.1 Armour
 + Level 3.8 Dodging
 - Level 1.7 Stealth
 - Level 12.2 Unarmed Combat
 - Level 6.0 Spellcasting
 + Level 11.8 Necromancy


You couldn't memorise any spells.
You knew the following spells:

 Your Spells              Type           Power        Failure   Level  Hunger
a - Pain                  Necr           ####         1%          1    None
b - Animate Skeleton      Necr           N/A          1%          1    None
c - Corpse Rot            Necr           N/A          1%          2    #......
d - Vampiric Draining     Necr           #####.....   1%          3    ##.....
e - Agony                 Necr           #####...     3%          5    ######.
f - Animate Dead          Necr           N/A          1%          4    ####...
g - Dispel Undead         Necr           #####...     3%          5    ######.
R - Regeneration          Chrm/Necr      ###.......   4%          3    ##.....


Dungeon Overview and Level Annotations

Branches:
Dungeon (10/15)            Temple (1/1) D:7            Lair (5/6) D:10
  Swamp (0/4) Lair:3        Snake (0/4) Lair:2          Orc (0/2) D:10
  Slime: Lair:5-6

Altars:
Ashenzari
Cheibriados
Dithmenos
Elyvilon
Fedhas
Gozag
Hepliaklqana
Kikubaaqudgha
Makhleb
Nemelex Xobeh
Okawaru
Qazlal
Ru
Trog
Uskayaw
Vehumet
Wu Jian
Xom
Yredelemnul
Zin
The Shining One
Beogh

Shops:
D:5 *   D:6 (   D:10 }

Annotations:
Lair:2 exclusion: oklob plant


Innate Abilities, Weirdness & Mutations

You have claws for hands.
You are mostly covered in rugged brown scales. (AC +2, +5% HP)
A weak demonic guardian rushes to your aid.
Your magical and physical power is slightly enhanced at high health.


Message History

Unknown command.
You fail to use your ability.
Your white imp hits the frost giant but does no damage.
Unknown command.
A red film seems to cover your vision as you go berserk!
You feel yourself moving faster!
You feel mighty!
You are feeling hungry.
The frost giant hits your white imp with a battleaxe of freezing!!
Your white imp dies!
The frost giant hits you but does no damage.
Unknown command.
You barely miss the frost giant.
The frost giant shouts!
You claw the frost giant!
The frost giant is severely wounded.
You claw the frost giant!
The frost giant is almost dead.
You hear an angry growl.
The frost giant hits you with a battleaxe of freezing!!
* * * LOW HITPOINT WARNING * * *
The frost giant freezes you.
* * * LOW HITPOINT WARNING * * *
Damage: 36 (max 36)
You mangle the frost giant!!
You kill the frost giant!
Kikubaaqudgha accepts your kill.
You eviscerate the polar bear!!!
The polar bear is almost dead.
Your skin stops crawling.
The polar bear bites you!
* * * LOW HITPOINT WARNING * * *
The polar bear claws you but does no damage.
The polar bear barely misses you.
Damage: 10 (max 36) Unknown command.
Unknown command.
Unknown command.
Unknown command.
Unknown command.
Unknown command.
You feel a strong urge to attack something.
The polar bear goes berserk!
Unknown command.
The polar bear growls angrily.
Unknown command.
You barely miss the polar bear.
The polar bear is almost dead.
The polar bear bites you!
You die...
Kikubaaqudgha rasps: "You have failed me!
Welcome... death!"

##.##≈≈##≈≈#
###..###.##
#.⌠.##≈≈#≈≈##
##..##..#
##Z##≈≈≈≈≈≈≈#
######.#
#Z###≈#≈≈≈≈≈≈#
##.
##Z##.≈#≈#≈≈≈≈
#.
##.##.##≈≈≈#≈
##
##.#..#≈≈≈≈≈
#..##.##≈≈#≈
#.###@# ≈≈≈≈
##.#h## ≈≈#
#.)Yh# #h#.##
##.### #Z##
#.## #C.# ##.#


You could see 3 polar bears and a yak.

Vanquished Creatures
  Gastronok (D:8)
  A frost giant (IceCv)
  Harold (Lair:3)
  3 hydras
  3 two-headed ogres
  A hell hog (Volcano)
  A death yak (IceCv)
  Urug (Lair:2)
  Sonja (D:10)
  Nergalle (Lair:2)
  Pikel (D:6)
  3 black mambas
  Maurice (D:8)
  Joseph (D:8)
  6 spiny frogs
  4 komodo dragons
  8 polar bears (IceCv)
  4 blink frogs
  Prince Ribbit (D:7)
  6 hippogriffs
  11 dream sheep (Lair:4)
  31 yaks
  2 fire bats (Volcano)
  3 basilisks
  2 steam dragons (Volcano)
  2 hungry ghosts
  A naga (Lair:2)
  3 swamp worms (Lair:3)
  A hell hound (Volcano)
  2 water moccasins
  Duvessa (D:6)
  7 porcupines
  3 orc warriors
  11 ice beasts
  A phantom (D:9)
  A sky beast (D:8)
  3 ogres
  23 wolves
  2 centaurs (D:7)
  8 crocodiles
  9 bullfrogs
  Dowan (D:6)
  A scorpion (D:7)
  2 troll zombies (D:10)
  8 wights
  3 electric eels (D:10)
  2 howler monkeys
  6 crimson imps
  7 hounds
  2 jellies
  A bullfrog zombie (D:5)
  3 orc priests
  A gnoll shaman (D:6)
  11 orc wizards
  Ijyb (D:5)
  A centaur skeleton (D:6)
  An iguana (D:10)
  11 worker ants
  6 ogre zombies (D:10)
  A hound zombie (D:5)
  2 hound skeletons
  A worker ant zombie (D:8)
  6 gnolls
  6 adders
  4 shadow imps
  An ooze (D:3)
  An adder skeleton (D:9)
  16 worms
  A dart slug (D:2)
  8 leopard geckos
  48 orcs
  A ball python (D:4)
  12 bats
  4 giant cockroaches
  12 goblins
  4 hobgoblins
  11 jackals
  2 quokkas
  8 frilled lizards
  A goblin skeleton (D:10)
  4 goblin zombies (D:10)
  3 hobgoblin zombies (D:10)
  A jackal skeleton (D:8)
  13 kobolds
  2 orc skeletons (D:10)
  13 orc zombies (D:10)
  A quokka skeleton (D:7)
  A quokka zombie (D:5)
  13 rats
445 creatures vanquished.

Vanquished Creatures (collateral kills)
  A two-headed ogre (D:8)
  A lindwurm (Lair:4)
  A polar bear (IceCv)
  A troll (D:10)
  2 dream sheep (Lair:4)
  3 blink frogs
  A hippogriff (Lair:3)
  5 yaks
  A basilisk (Lair:1)
  A naga (Lair:2)
  An orc warrior (D:8)
  A porcupine (Lair:4)
  A wolf (IceCv)
  A centaur (D:8)
  Blork the orc (D:5)
  2 bullfrogs
  A water moccasin skeleton (D:10)
  A scorpion (D:4)
  2 crimson imps (D:6)
  2 hounds
  An orc priest (D:4)
  3 orc wizards
  3 adders
  A gnoll (D:6)
  An adder skeleton (D:9)
  4 worms
  5 orcs
  A ball python (D:4)
  2 giant cockroaches
  A kobold (D:1)
  A goblin zombie (D:10)
  An orc skeleton (D:10)
  A quokka skeleton (D:3)
  A rat (D:1)
  2 fungi
  A plant (Lair:4)
59 creatures vanquished.

Vanquished Creatures (others)
  3 polar bears (IceCv)
  A scorpion (D:6)
  An adder (D:6)
  3 orcs (D:6)
  8 fungi
  4 plants
20 creatures vanquished.

Grand Total: 524 creatures vanquished

Notes
Turn   | Place    | Note
-------+----------+-------------------------------------------
     0 | D:1      | Gorice the Demonspawn Necromancer began the quest for the Orb.
     0 | D:1      | Reached XP level 1. HP: 13/13 MP: 3/3
    11 | D:1      | Learned a level 1 spell: Animate Skeleton
   241 | D:1      | Gained mutation: You have sharp fingernails. [demonic ancestry]
   241 | D:1      | Reached XP level 2. HP: 8/19 MP: 1/5
   777 | D:1      | Reached skill level 1 in Unarmed Combat
  1273 | D:2      | Reached XP level 3. HP: 17/24 MP: 0/6
  1471 | D:2      | Reached skill level 2 in Unarmed Combat
  1818 | D:2      | Found a shimmering altar of Xom.
  1819 | D:2      | Found a hazy altar of Hepliaklqana.
  1819 | D:2      | Noticed a hell beast
  1820 | D:2      | Noticed a spectral ugly thing
  1820 | D:2      | Noticed a hell beast
  1957 | D:2      | Reached XP level 4. HP: 25/30 MP: 7/7
  2281 | D:3      | Reached skill level 3 in Unarmed Combat
  2339 | D:3      | Found an ancient bone altar of Kikubaaqudgha.
  2346 | D:3      | Became a worshipper of Kikubaaqudgha
  3070 | D:3      | Noticed a moth of wrath
  3073 | D:3      | Found a bloodstained altar of Trog.
  3129 | D:3      | Reached * piety under Kikubaaqudgha
  3129 | D:3      | Identified Kikubaaqudgha's Tome of Evil (Kikubaaqudgha gifted it to you on level 3 of the Dungeon)
  3129 | D:3      | Received a gift from Kikubaaqudgha
  3267 | D:4      | Gained mutation: A weak demonic guardian rushes to your aid. [demonic ancestry]
  3267 | D:4      | Reached XP level 5. HP: 20/35 MP: 6/8
  3517 | D:4      | Reached skill level 4 in Unarmed Combat
  3967 | D:4      | HP: 10/35 [poisoned by a worker ant]
  3975 | D:4      | HP: 9/35 [poisoned by a worker ant]
  4269 | D:4      | Reached skill level 5 in Unarmed Combat
  4269 | D:4      | Reached XP level 6. HP: 36/41 MP: 4/9
  4836 | D:4      | HP: 12/41 [crimson imp (2)]
  4836 | D:4      | Reached skill level 6 in Unarmed Combat
  4842 | D:4      | HP: 8/41 [poisoned by an adder]
  4847 | D:4      | HP: 7/41 [poisoned by an adder]
  4854 | D:4      | HP: 6/41 [poisoned by an adder]
  4862 | D:4      | HP: 5/41 [poisoned by an adder]
  5173 | D:4      | Found a burning altar of Makhleb.
  5265 | D:4      | Reached XP level 7. HP: 45/46 MP: 6/10
  5300 | D:4      | Reached ** piety under Kikubaaqudgha
  5673 | D:5      | Entered Level 5 of the Dungeon
  5747 | D:5      | Noticed Blork the orc
  5757 | D:5      | HP: 9/46 [Blork the orc/halberd (9)]
  5759 | D:5      | Killed Blork the orc
  5759 | D:5      | Reached skill level 7 in Unarmed Combat
  5768 | D:5      | Noticed Ijyb
  5928 | D:5      | Killed Ijyb
  6073 | D:5      | Found a hide-covered altar of Uskayaw.
  6705 | D:5      | Found Hemnyimoydo's General Store.
  6749 | D:5      | Got a dazzling falchion
  6868 | D:5      | Identified the +2 falchion of the Median {drain, rElec rF- Str+6 Stlth+} (You found it on level 5 of the Dungeon)
  6929 | D:6      | Reached skill level 8 in Unarmed Combat
  7066 | D:6      | Found a shadowy altar of Dithmenos.
  7124 | D:6      | Found a blossoming altar of Fedhas.
  7153 | D:6      | Gained mutation: You have very sharp fingernails. [demonic ancestry]
  7153 | D:6      | Reached XP level 8. HP: 48/52 MP: 11/11
  7190 | D:6      | Noticed Duvessa
  7197 | D:6      | Noticed Dowan
  7245 | D:6      | Killed Duvessa
  7252 | D:6      | Killed Dowan
  7337 | D:6      | Found Kigid's Weapon Boutique.
  7467 | D:6      | Reached skill level 9 in Unarmed Combat
  7514 | D:6      | Found a sacrificial altar of Ru.
  7519 | D:6      | Reached *** piety under Kikubaaqudgha
  7519 | D:6      | Identified Kikubaaqudgha's Catalogue of Evil Secrets (Kikubaaqudgha gifted it to you on level 6 of the Dungeon)
  7519 | D:6      | Received a gift from Kikubaaqudgha
  7555 | D:6      | Noticed Pikel
  7576 | D:6      | HP: 11/52 [Pikel/whip of freezing (8)]
  7579 | D:6      | Killed Pikel
  7579 | D:6      | Reached skill level 10 in Unarmed Combat
  7954 | D:6      | Found an ornate altar of the Wu Jian Council.
  8439 | D:7      | Noticed a hippogriff
  8452 | D:7      | Killed a hippogriff
  8452 | D:7      | Gained mutation: You are partially covered in rugged brown scales. (AC +1, +3% HP) [demonic ancestry]
  8452 | D:7      | Reached XP level 9. HP: 37/58 MP: 10/12
  8514 | D:7      | Noticed Prince Ribbit
  8704 | D:7      | Killed Prince Ribbit
  8704 | D:7      | Reached skill level 11 in Unarmed Combat
  8721 | D:7      | Found a staircase to the Ecumenical Temple.
  8735 | Temple   | Entered the Ecumenical Temple
  9176 | D:7      | Found a glowing golden altar of the Shining One.
  9233 | D:7      | Reached **** piety under Kikubaaqudgha
  9457 | D:7      | Learned a level 2 spell: Corpse Rot
  9461 | D:7      | Learned a level 3 spell: Vampiric Draining
  9535 | D:8      | Noticed Joseph
  9693 | D:8      | Noticed a two-headed ogre
  9994 | D:8      | Noticed a two-headed ogre
 10125 | D:8      | HP: 17/58 [hippogriff (8)]
 10127 | D:8      | Reached skill level 12 in Unarmed Combat
 11043 | D:8      | Noticed Gastronok
 11054 | D:9      | Reached skill level 1 in Fighting
 11054 | D:9      | Reached skill level 5 in Necromancy
 11069 | D:9      | Reached skill level 1 in Armour
 11431 | D:9      | Gained mutation: You have claws for hands. [demonic ancestry]
 11431 | D:9      | Reached XP level 10. HP: 69/69 MP: 13/13
 11447 | D:9      | Noticed a two-headed ogre
 11464 | D:9      | Killed a two-headed ogre
 11464 | D:9      | Reached skill level 2 in Fighting
 11464 | D:9      | Reached skill level 2 in Armour
 11551 | D:9      | Found an iron altar of Okawaru.
 11811 | D:9      | Reached skill level 6 in Necromancy
 11959 | D:9      | Reached skill level 3 in Fighting
 12057 | D:9      | Noticed a two-headed ogre
 12063 | D:9      | Killed a two-headed ogre
 12063 | D:9      | Reached skill level 3 in Armour
 12353 | D:8      | Noticed Maurice
 12373 | D:8      | Killed Maurice
 12373 | D:8      | Reached skill level 4 in Fighting
 12491 | D:8      | Killed a two-headed ogre
 12491 | D:8      | Reached skill level 7 in Necromancy
 12493 | D:8      | Reached ***** piety under Kikubaaqudgha
 12543 | D:8      | Reached skill level 4 in Armour
 12580 | D:8      | Found a roughly hewn altar of Beogh.
 12654 | D:8      | Killed Gastronok
 12654 | D:8      | Reached skill level 5 in Fighting
 12654 | D:8      | Gained mutation: You are mostly covered in rugged brown scales. (AC +2, +5% HP) [demonic ancestry]
 12654 | D:8      | Reached XP level 11. HP: 26/84 MP: 6/14
 12699 | D:8      | Killed Joseph
 12699 | D:8      | Reached skill level 5 in Armour
 12699 | D:8      | Reached skill level 8 in Necromancy
 13261 | D:8      | Killed a two-headed ogre
 13261 | D:8      | Reached skill level 6 in Fighting
 13436 | D:10     | Entered Level 10 of the Dungeon
 13436 | D:10     | Noticed Sonja
 13446 | D:10     | Killed Sonja
 13450 | D:10     | HP: 24/85 [poisoned by Sonja (curare-tipped needle)]
 13455 | D:9      | HP: 17/85 [poisoned by Sonja (curare-tipped needle)]
 13460 | D:9      | HP: 14/85 [poisoned by Sonja (curare-tipped needle)]
 13466 | D:9      | HP: 12/85 [poisoned by Sonja (curare-tipped needle)]
 13471 | D:9      | HP: 12/85 [poisoned by Sonja (curare-tipped needle)]
 13921 | D:10     | Found a staircase to the Orcish Mines.
 14097 | D:10     | Found Hacejaf's Gadget Emporium.
 14330 | D:10     | Reached skill level 9 in Necromancy
 14348 | D:10     | Reached skill level 6 in Armour
 14349 | D:10     | Found a staircase to the Lair.
 14984 | D:10     | Reached skill level 7 in Fighting
 14998 | Lair:1   | Entered Level 1 of the Lair of Beasts
 15029 | Lair:1   | Learned a level 5 spell: Agony
 15096 | Lair:1   | Reached skill level 3 in Spellcasting
 15466 | Lair:1   | Noticed a five-headed hydra
 15871 | Lair:1   | Reached skill level 4 in Spellcasting
 16019 | Lair:1   | Noticed a six-headed hydra
 16152 | Lair:1   | Killed a nine-headed hydra
 16152 | Lair:1   | Reached skill level 7 in Armour
 16188 | Lair:1   | Killed an eight-headed hydra
 16188 | Lair:1   | Reached skill level 8 in Fighting
 16188 | Lair:1   | Reached XP level 12. HP: 46/96 MP: 0/18
 16543 | Lair:1   | Upgraded the game from 0.21-a0-140-g479285b to 0.21-a0-142-gdd972a7
 16759 | Lair:2   | Reached skill level 5 in Spellcasting
 16834 | Lair:2   | Found a staircase to the Snake Pit.
 17360 | Lair:2   | Noticed Nergalle
 17374 | Lair:2   | Killed Nergalle
 17555 | Lair:2   | Found a blossoming altar of Fedhas.
 17883 | Lair:3   | Noticed Urug
 17899 | Lair:3   | Noticed a six-headed hydra
 17907 | Lair:2   | Killed Urug
 17907 | Lair:2   | Reached skill level 9 in Fighting
 17907 | Lair:2   | Reached skill level 8 in Armour
 18244 | Lair:3   | Noticed Harold
 18265 | Lair:3   | Reached skill level 6 in Spellcasting
 18450 | Lair:3   | HP: 18/99 [Harold/wand of lightning (?/15) (20)]
 18451 | Lair:3   | Killed Harold
 18493 | Lair:4   | Reached ****** piety under Kikubaaqudgha
 18617 | Lair:4   | Found a dark tunnel.
 18626 | Lair:4   | HP: 30/100 [lindwurm (5)]
 18778 | Volcano  | Entered a volcano
 18866 | Volcano  | Noticed a hell hog
 18875 | Volcano  | HP: 29/101 [hell hog/fireball (23)]
 18881 | Volcano  | Killed a hell hog
 18931 | Volcano  | Noticed a fire dragon
 18933 | Volcano  | HP: 28/101 [fire dragon/blast of flame (23)]
 18939 | Volcano  | HP: 16/101 [fire dragon/blast of flame (13)]
 19343 | Lair:4   | Reached skill level 9 in Armour
 19359 | Lair:4   | Reached skill level 10 in Fighting
 19674 | Lair:3   | Reached skill level 10 in Necromancy
 19785 | Lair:3   | Killed a six-headed hydra
 19785 | Lair:3   | Gained mutation: Your magical and physical power is slightly enhanced at high health. [demonic ancestry]
 19785 | Lair:3   | Reached XP level 13. HP: 61/108 MP: 10/22
 20091 | Lair:3   | Got a warped trident
 20220 | Lair:3   | Found a staircase to the Swamp.
 20411 | Lair:1   | Learned a level 4 spell: Animate Dead
 20415 | Lair:1   | Learned a level 3 spell: Regeneration
 20421 | Lair:1   | Learned a level 5 spell: Dispel Undead
 21247 | Lair:5   | Found a frozen archway.
 21398 | IceCv    | Entered an ice cave
 21412 | IceCv    | Reached skill level 11 in Necromancy
 21414 | IceCv    | Reached skill level 10 in Armour
 21585 | IceCv    | Reached skill level 2 in Dodging
 21705 | IceCv    | Reached skill level 3 in Dodging
 21814 | IceCv    | Noticed a frost giant
 21842 | IceCv    | HP: 27/108 [frost giant/bolt of cold (57)]
 21855 | IceCv    | HP: 32/108 [frost giant/battleaxe of freezing (2)]
 21859 | IceCv    | HP: 15/162 [frost giant/battleaxe of freezing (4)]
 21860 | IceCv    | Killed a frost giant
 21861 | IceCv    | HP: 6/162 [polar bear (10)]
 21865 | IceCv    | Mangled by a polar bear

Vault maps used:
D:1:      matt_arrival_grand_opening, minmay_pentomino_o4
D:2:      regret_index_temple_of_mockery
D:3:      kiku_gazebo_garden_becter, tgw_trog
D:4:      lemuel_blue_sif_altar, makhleb_grotto_becter
D:5:      nicolae_overflow_hidden_temple, first_bread, serial_shops, shop,
          uniq_ijyb, uniq_blork_the_orc
D:6:      kennysheep_mini_moat, nicolae_ru_great_annihilating_truth,
          kennysheep_mini, serial_shops, nicolae_shop_behind_doors, basic_altar,
          uniq_duvessa, uniq_pikel
D:7:      nicolae_overflow_crystal_walls, temple_fountains, uniq_prince_ribbit1
D:8:      special_room, uniq_gastronok, uniq_maurice, uniq_joseph
D:9:      okawaru_trees_1
D:10:     erik_lair_island, zombieorc2_lemuel, serial_shops,
          nicolae_shop_waterfront, uniq_sonja
Temple:   cyrus_temple_forest
Lair:2:   minmay_snake_entry_guardpost_medium, tgw_fedhas, uniq_nergalle
Lair:3:   swamp_mist_pool, worms_lemuel, uniq_urug, uniq_harold
Lair:4:   nicolae_volcano_entry_vermiform, serial_bayou_shore_b,
          lemuel_fruit_fields
Lair:5:   portal_ice_cave_entry_ice_beasts, uniq_josephine
IceCv:    ice_cave_caverns_03
Volcano:  volcano_pools

Skill      XL: |  1  2  3  4  5  6  7  8  9 10 11 12 13 |
---------------+----------------------------------------+-----
Unarmed Combat | 1 2 3 5 6 8 10 12 | 12.2
Fighting       | 1 5 8 10 | 10.0
Necromancy     | 5 7 9 10 11 | 11.8
Armour         | 1 4 7 9 10 | 10.1
Spellcasting   | 4 6 |  6.0
Dodging        | 3 |  3.8
Stealth        | |  1.7

Action                   |  1- 3 |  4- 6 |  7- 9 | 10-12 | 13-15 || total
-------------------------+-------+-------+-------+-------+-------++-------
Melee: Unarmed           |    59 |   222 |   490 |   658 |   268 ||  1697
       Punch             |     1 |     1 |    27 |    32 |    16 ||    77
Throw: Tomahawk          |       |       |     8 |     2 |       ||    10
 Cast: Pain              |    62 |    30 |    76 |    43 |     2 ||   213
       Animate Skeleton  |    20 |    17 |    31 |    63 |    12 ||   143
       Vampiric Draining |       |       |     2 |    40 |    23 ||    65
       Corpse Rot        |       |       |       |     1 |       ||     1
       Agony             |       |       |       |     6 |       ||     6
       Animate Dead      |       |       |       |       |     7 ||     7
       Regeneration      |       |       |       |       |     1 ||     1
 Abil: Evoke Berserk Rag |       |       |     1 |     1 |     1 ||     3
Evoke: Wand              |       |       |       |     4 |       ||     4
  Use: Scroll            |     5 |     3 |     6 |    10 |     4 ||    28
       Potion            |       |       |     3 |     5 |     2 ||    10
 Stab: Distracted        |       |     1 |     3 |     8 |       ||    12
       Sleeping          |       |       |     3 |       |     2 ||     5
       Invisible         |       |       |     1 |       |       ||     1
  Eat: Chunk             |     4 |    11 |    16 |    31 |    10 ||    72
       Royal jelly       |       |       |     1 |     2 |       ||     3
       Meat ration       |       |       |     1 |       |       ||     1
Armor: Robe              |     5 |       |       |       |       ||     5
       Ring mail         |    19 |    53 |   120 |   192 |     6 ||   390
       Leather armour    |       |       |       |       |    66 ||    66
Dodge: Dodged            |    78 |   155 |   327 |   452 |   197 ||  1209

Table legend:
 A = Turns spent in this place as a percentage of turns spent in the entire game.
 B = Non-inter-level travel turns spent in this place as a percentage of non-inter-level travel turns spent in the entire game.
 C = Inter-level travel turns spent in this place as a percentage of turns spent in this place.
 D = Turns resting spent in this place as a percentage of non-inter-level travel turns spent in this place.
 E = Turns spent auto-exploring this place as a percentage of non-inter-level travel turns spent in this place.
 F = Non-inter-level travel turns spent in this place divided by the number of levels of this place that you've seen.
                   A       B       C       D       E      F
               +-------+-------+-------+-------+-------+----------------------
         Total | 100.0 | 100.0 |   0.5 |   3.4 |   4.7 | 405.3
       Dungeon |  62.1 |  62.1 |   0.5 |   3.8 |   5.6 | 453.0
        Temple |   0.3 |   0.3 |   4.3 |   0.0 |  45.5 |  22.0
          Lair |  28.1 |  28.1 |   0.5 |   3.4 |   3.8 | 410.0
      Ice Cave |   7.1 |   7.1 |   0.0 |   0.0 |   0.4 | 517.0
       Volcano |   2.4 |   2.4 |   0.0 |   2.3 |   0.0 | 176.0
               +-------+-------+-------+-------+-------+----------------------

Vault maps used:
D:1:      matt_arrival_grand_opening, minmay_pentomino_o4
D:2:      regret_index_temple_of_mockery
D:3:      kiku_gazebo_garden_becter, tgw_trog
D:4:      lemuel_blue_sif_altar, makhleb_grotto_becter
D:5:      nicolae_overflow_hidden_temple, first_bread, serial_shops, shop,
          uniq_ijyb, uniq_blork_the_orc
D:6:      kennysheep_mini_moat, nicolae_ru_great_annihilating_truth,
          kennysheep_mini, serial_shops, nicolae_shop_behind_doors, basic_altar,
          uniq_duvessa, uniq_pikel
D:7:      nicolae_overflow_crystal_walls, temple_fountains, uniq_prince_ribbit1
D:8:      special_room, uniq_gastronok, uniq_maurice, uniq_joseph
D:9:      okawaru_trees_1
D:10:     erik_lair_island, zombieorc2_lemuel, serial_shops,
          nicolae_shop_waterfront, uniq_sonja
Temple:   cyrus_temple_forest
Lair:2:   minmay_snake_entry_guardpost_medium, tgw_fedhas, uniq_nergalle
Lair:3:   swamp_mist_pool, worms_lemuel, uniq_urug, uniq_harold
Lair:4:   nicolae_volcano_entry_vermiform, serial_bayou_shore_b,
          lemuel_fruit_fields
Lair:5:   portal_ice_cave_entry_ice_beasts, uniq_josephine
IceCv:    ice_cave_caverns_03
Volcano:  volcano_pools
